cohdb
Replays
Latest Replays
All Replays
Popular Replays
Top Player Replays
Match Explorer
How It Works
Community
CoH3 Stats
Reddit
Sign in to upload your games and track your stats! →
Sign in with Steam
Match 45954908
Unlisted
Match 45954908
Overview
Messages
Build Orders
End
Scout Squad
Construct Barracks
Selects Armored Battlegroup
Selects Veteran Crews
1⁄4-ton 4x4 Truck
Riflemen Squad
Riflemen Squad
Infantry Support Center
Riflemen Squad
Construct Medical Station
Grenade Package
Construct Motor Pool
Selects Strength in Steel
M8 Greyhound Armored Car
Selects M31 Recovery Vehicle
M1918 Browning Automatic Rifles
Engineer Squad
Riflemen Squad
M1 Anti-tank Gun Team
Selects War Machine
Construct Tank Depot
Selects Seek and Destroy
M4A1 Sherman Medium Tank
Riflemen Squad
Selects UNKNOWN (2160077)
M4A3E8 Sherman Easy Eight
Riflemen Squad
M31 Recovery Vehicle
M4A3E8 Sherman Easy Eight
oziligath
WordBearers[Borgore]
0
0
Comments
sign in to comment!
No comments posted yet!